 Dungeon Crawl Stone Soup version 0.26-a0-652-gafc20e3620 (webtiles) character file.

Game seed: 16629219283815903433

0 DogServant the Magician (level 1, 6/11 HPs)
             Began as an Octopode Hedge Wizard on Oct 3, 2020.
             Quit the game on level 1 of the Dungeon.
             The game lasted 00:00:07 (88 turns).

DogServant the Magician (Octopode Hedge Wizard)       Turns: 88, Time: 00:00:08

Health: 6/11       AC:  1    Str:  9    XL:     1   Next: 10%
Magic:  4/4        EV: 13    Int: 16    God:
Gold:   6          SH:  0    Dex: 11    Spells: 5/6 levels left

rFire    . . .     SeeInvis .   a - +0 dagger
rCold    . . .     Faith    .   (no shield)
rNeg     . . .     Spirit   .   b - +0 hat
rPois    .         Reflect  .   (no amulet)
rElec    .         Harm     .   (no ring)
rCorr    .         Rampage  .   (no ring)
MR       .....                  (no ring)
Stlth    +++.......             (no ring)
HPRegen  0.03/turn              (no ring)
MPRegen  0.09/turn              (no ring)
                                (no ring)
                                (no ring)

@: no status effects
A: almost no armour, stealthy swim, amphibious, 8 rings, constrict 8, camouflage
1, gelatinous body 1
a: no special abilities


You were on level 1 of the Dungeon.
You visited 1 branch of the dungeon, and saw 1 of its levels.

You collected 6 gold pieces.

Inventory:

Hand Weapons
 a - a +0 dagger (weapon)
Armour
 b - a +0 hat (worn)
Scrolls
 c - a scroll of remove curse {unknown}


   Skills:
 + Level 2.0 Dodging
 + Level 2.6 Stealth
 + Level 3.0 Spellcasting
 + Level 1.0 Conjurations
   Level 1.0 Summonings
   Level 1.0 Translocations


You had 5 spell levels left.
You knew the following spells:

 Your Spells              Type           Power        Failure   Level
a - Magic Dart            Conj           #...         12%         1

Your spell library contained the following spells:

 Spells                   Type           Power        Failure   Level
 Blink                    Tloc           N/A          19%         2
 Call Imp                 Summ           #.......     19%         2
 Slow                     Hex            #.......     28%         2
 Conjure Flame            Conj/Fire      #.......     41%         3
 Mephitic Cloud           Conj/Pois/Air  #.......     43%         3


Dungeon Overview and Level Annotations

Branches:
Dungeon (1/15)

Altars:


Innate Abilities, Weirdness & Mutations

You cannot wear most types of armour.
You are very stealthy in the water. (Stealth+)
You are amphibious.
You can wear up to eight rings at the same time.
You can use your tentacles to constrict eight enemies at once.
Your skin changes colour to match your surroundings (Stealth+).
Your rubbery body absorbs attacks. (AC +1, EV +1)


Message History

Found an escape hatch in the floor.
There is an escape hatch in the floor here.
Found 24 arrows.
You see here 24 arrows.
c - a scroll labeled POCLOS YLYTSAZE A rat comes into view.
A rat is nearby!
A rat is nearby!
The rat bites you.
You closely miss the rat. You grab the rat.
You constrict the rat, but do no damage.
The rat bites you.
You hit the rat but do no damage. You constrict the rat. The rat bites you.
You barely miss the rat. Your squeeze misses the rat.
The rat is moderately wounded.
You constrict the rat.
You kill the rat!
Are you sure you want to abandon this character and quit the game? (Confirm with "yes".)
Okay, then.
Are you sure you want to abandon this character and quit the game? (Confirm with "yes".)

#.# #.# #. #.# #.###
#.# #.... #.#
....### #.# #.....##
#.# #.#....
#####.#######.#..#
#.....>.....#..@^#
#.###.....#.#..###
#.# #####.#.##...#
#.# #.#.###..#.# #.#
#.#.##.....# #.#
#.#.##(##.### #.#
#............. #)#
###.##.##.####
#.#########.........


There were no monsters in sight!

Vanquished Creatures
  A rat (D:1)
1 creature vanquished.

Notes
Turn   | Place    | Note
-------+----------+-------------------------------------------
     0 | D:1      | DogServant the Octopode Hedge Wizard began the quest for
                  | the Orb.
     0 | D:1      | Reached XP level 1. HP: 11/11 MP: 4/4
    88 | D:1      | Quit the game

Illustrated notes

Levels and vault maps discovered:
D:1:      ncdulo_smallfort, layout_loops_ring

Action                   || total
-------------------------++-------
Melee: Dagger            ||     3
       Constrict         ||     1

Table legend: (Time is in decaauts)
 A = Elapsed time spent in this place.
 B = Non-inter-level travel time spent in this place.
 C = Inter-level travel time spent in this place.
 D = Time resting spent in this place.
 E = Time spent auto-exploring this place.
 F = Levels seen in this place.
 G = Mean time per level.
                   A        B        C        D        E       F      G
               +--------+--------+--------+--------+--------+-----+--------+
         Total |     88 |     88 |      0 |      0 |     82 |   1 |   88.0 |
       Dungeon |     88 |     88 |      0 |      0 |     82 |   1 |   88.0 |
               +--------+--------+--------+--------+--------+-----+--------+

Top non-repeatable levels by time:
     D:1: 88 daAuts
